[Event "Romanian Rapid Open 2022"]
[Site "Sebes"]
[Date "2022.12.02"]
[Round "5.13"]
[White "Zubcu, Vlad-George"]
[Black "Talu, Mircea"]
[Result "1/2-1/2"]
[ECO "D00"]
[WhiteElo "2135"]
[BlackElo "2327"]
[Annotator "TA"]
[PlyCount "115"]
[EventDate "2022.12.02"]
[EventType "rapid"]
[EventCountry "ROU"]
[SourceTitle "playchess.com"]
[Source "ChessBase"]
[SourceQuality "1"]
[TimeControl "600+5"]

1. d4 Nf6 2. Bg5 d5 3. Bxf6 gxf6 4. e3 c5 5. c4 cxd4 6. exd4 {[%emt 0:00:18] D00: 1 d4 d5: Unusual lines.} (6. Qxd4 $5 Nc6 7. Qxd5 $11) 6... Nc6 7. Nf3 Bg4 (7... e5 $5 ) 8. Nc3 dxc4 {[%emt 0:00:24] Strongly threatening ...Bxf3.} 9. Bxc4 Bxf3 10. Qxf3 {[%emt 0:00:08] Black must now prevent d5.} Qxd4 {[%emt 0:00:12] [#]} 11. Bb3 $146 {[%emt 0:01:51] [#]} (11. Bb5 $11 Qe5+ 12. Kf1) ({Predecessor:} 11. Bb5 Qe5+ 12. Kf1 Rc8 13. Re1 Qc5 14. Qxf6 Rg8 15. Qf3 Bg7 16. Qg4 Rd8 17. a4 {½-½ (49) Firouzja,A (2728)-Alekseenko,K (2696) Chess.com INT 2020}) 11... Qe5+ $1 $17 12. Ne2 Bg7 ({Reject} 12... Qxb2 13. O-O Bh6 14. Rab1 $14) 13. O-O O-O ({Much worse is} 13... Qxb2 14. Rab1 Qd2 15. Ng3 $11) 14. Rfe1 e6 15. Ng3 Qa5 16. Nh5 Nd4 (16... Qg5 {simplifies} 17. Nxg7 Kxg7 18. Ba4 Rac8) 17. Nxf6+ Kh8 18. Qf4 Nxb3 19. axb3 Qf5 20. Qxf5 exf5 21. Nd5 Bxb2 22. Ra2 Rfe8 {[%emt 0:00:13][%cal Re8e1] [#]} 23. Rd1 Rad8 24. g3 (24. f4 $11 {keeps the balance.} Bf6 25. Rxa7) 24... Re5 $1 $36 {[%emt 0:00:07][%mdl 2048] White is under strong pressure.} 25. Rxb2 Rexd5 26. Rxd5 Rxd5 {[%emt 0:00:01][%mdl 4096] Endgame KR-KR} 27. Rc2 Rd3 28. b4 Rb3 29. Rc4 Kg7 30. Kg2 Kg6 31. h4 b5 (31... Kf6 $17) 32. Rd4 (32. Rc7 $11 {remains equal.}) 32... Kf6 (32... h5 $17) 33. Rd7 (33. Rd6+ $11 Kg7 34. Ra6) 33... Ra3 ({Black should play} 33... Rxb4 $17 {Threatens to win with ...a5.} 34. Rxa7 Rc4) 34. Rd5 $11 a6 35. Rd6+ $1 Ke7 36. Rh6 Ra4 37. Kf3 Kf8 38. Ke3 ({Better is} 38. h5 $11) 38... Kg7 $15 39. Rb6 f6 (39... Rxb4 $15 40. Rxa6 Re4+ 41. Kd3 Ra4) 40. h5 {[%emt 0:00:03] The position is equal.} Kh6 41. Rxf6+ Kxh5 42. Rxf5+ Kg6 43. Rc5 h5 44. Kf3 Kh6 45. Kg2 Kg6 (45... Rxb4 $5 46. Rc6+ $8 Kg5 $11) 46. Kh3 Kh6 (46... Rxb4 $5 47. Rc6+ $8 Kf5 48. Rxa6 Rb2 $11) 47. f4 Kg6 48. Kh4 {[%emt 0:00:01] aiming for f5+.} Rxb4 49. Rc6+ Kf5 50. Rxa6 Rb1 (50... Rb2 $5 51. Kh3 $8 Rb1 $11) 51. Kh3 $1 b4 52. Ra5+ Ke4 53. Rb5 ({Of course not} 53. Re5+ Kd4 54. Rb5 b3 $17) 53... Kf3 54. Kh4 b3 55. f5 b2 {[%emt 0:00:00] ( -> ...Rh1+)} 56. Kxh5 Kxg3 57. f6 {[%emt 0:00:05] Hoping for f7.} Rf1 {[%emt 0:00:13] Against f7} 58. Rxb2 {[%emt 0:00:03] Weighted Error Value: White=0.16 (very precise) /Black=0.11 (very precise)} 1/2-1/2

[Event "Romanian Rapid Open 2022"]
[Site "Sebes"]
[Date "2022.12.02"]
[Round "5.14"]
[White "Manea, Alexandru"]
[Black "Anghel, Iulian-Mihai"]
[Result "1-0"]
[ECO "A14"]
[WhiteElo "2339"]
[BlackElo "2061"]
[Annotator "TA"]
[PlyCount "79"]
[EventDate "2022.12.02"]
[EventType "rapid"]
[EventCountry "ROU"]
[SourceTitle "playchess.com"]
[Source "ChessBase"]
[SourceQuality "1"]
[TimeControl "600+5"]

1. c4 Nf6 2. g3 e6 3. Bg2 d5 4. Nf3 Be7 5. O-O O-O 6. cxd5 exd5 7. d4 {[%emt 0:00:05] 7.b3 deserves study.} c6 8. Nc3 Ne4 9. Nxe4 {[%emt 0:00:15] A14: English Opening: 1...e6 with b3 by White.} dxe4 10. Ne5 {[%emt 0:00:03] [#]} f6 $146 ({Predecessor:} 10... Bf6 11. Bxe4 Bxe5 12. dxe5 f5 13. Qb3+ Kh8 14. Bg2 Nd7 15. f4 Nc5 16. Qb4 Na6 {1-0 (30) Reede,A (1789)-Tobey,A (918) LSS email 2017}) 11. Nc4 {[%emt 0:01:30] The position is equal.} Be6 12. b3 f5 13. Bf4 Nd7 14. Qc2 Nf6 15. Rad1 Nd5 16. Be5 b5 {[%emt 0:00:57] [#] ...Nb4 is the strong threat.} 17. Ne3 Rc8 18. Nxd5 cxd5 19. Qd2 a5 20. Rc1 Qb6 21. Qb2 Bd6 22. Bxd6 Qxd6 23. e3 $40 {[%emt 0:00:01][%mdl 128] White has some attack.} g5 24. f4 exf3 25. Bxf3 Rxc1 26. Rxc1 f4 27. exf4 gxf4 28. g4 Rc8 $2 {[%emt 0:00:21] [#]} (28... Re8 $11 {and Black stays safe.}) 29. Rxc8+ $18 Bxc8 {[%emt 0:00:00][%mdl 4096] Endgame KQB-KQB} 30. Qc3 Be6 31. Qxa5 Qd7 32. h3 h5 33. g5 (33. gxh5 Qg7+ 34. Kh1 Qg3 $11) ({White should try} 33. a4 $18) 33... Qg7 $2 (33... Bf7 $16 {keeps fighting.}) 34. Qd8+ (34. Bxh5 Qxg5+ 35. Bg4 Bxg4 36. hxg4 Qxg4+ 37. Kf1 Qd1+ 38. Kg2 Qe2+ 39. Kh3 Qf3+ 40. Kh4 Kg7 41. Qc7+ Kg6 42. Qc6+ (42. Qd6+ Kh7 $11) 42... Kf5 43. Qc2+ Qe4 44. Qc8+ Kg6 45. Qc6+ Kf5 46. Qd7+ Kg6 47. Qc6+ Kf5 48. Qd7+ Kg6 49. Qc6+ $11) 34... Kh7 35. Kg2 (35. Bxh5 Qxd4+ 36. Kf1 (36. Kh1 $2 Qe4+ 37. Kh2 Qc2+ 38. Kh1 Qc1+ 39. Kg2 Qd2+ 40. Kh1 Qe1+ 41. Kh2 Qg3+ 42. Kh1 Qxh3+ 43. Kg1 Qxh5 $19) 36... Bxh3+ 37. Ke2 Qe5+ 38. Kd2 Kg7 $11) 35... Bf5 $2 (35... Bf7 36. Qe7 (36. Bxd5 Qxd4 37. g6+ Kg7 $11) 36... Kg6) 36. Bxd5 ({Weaker is} 36. Qxd5 Qxg5+ 37. Kh1 b4 $16) 36... Bb1 37. a4 {[%emt 0:00:20] White mates.} bxa4 38. bxa4 Bd3 39. a5 Be2 40. Be4+ {[%emt 0:00:04] Weighted Error Value: White=0.10 (very precise) /Black=0.41} 1-0

[Event "Romanian Rapid Open 2022"]
[Site "Sebes"]
[Date "2022.12.02"]
[Round "5.15"]
[White "Oltean, Cristian-Daniel"]
[Black "Itkis, Boris"]
[Result "0-1"]
[ECO "B09"]
[WhiteElo "1896"]
[BlackElo "2343"]
[Annotator "TA"]
[PlyCount "104"]
[EventDate "2022.12.02"]
[EventType "rapid"]
[EventCountry "ROU"]
[SourceTitle "playchess.com"]
[Source "ChessBase"]
[SourceQuality "1"]
[TimeControl "600+5"]

1. d4 d6 2. e4 Nf6 3. Nc3 g6 4. f4 Bg7 5. Nf3 O-O 6. Bd3 Nbd7 7. e5 Ne8 $1 8. O-O {[%emt 0:00:24] B09: Pirc Defence: Austrian Attack.} (8. Ng5 $5 ) 8... c5 9. Be3 (9. Be2 $11) 9... cxd4 $1 $15 10. Bxd4 {[%emt 0:00:00] Black is slightly better.} dxe5 11. fxe5 {[%emt 0:00:00] [#]} Nxe5 $1 12. Bxe5 Bxe5 {[%emt 0:00:01][%mdl 64] Remove Defender} 13. Nxe5 {[%emt 0:07:55] Kh1 is the strong threat.} Qd4+ 14. Kh1 {[%emt 0:00:00][%cal Oe5f7] aiming for Nxf7!} Qxe5 15. Qf3 {[%emt 0:00:00] [#]} Nf6 $146 ({Predecessor:} 15... Qa5 16. Rae1 e6 17. Qf4 Bd7 18. Ne4 f5 19. Ng5 Ng7 20. Bc4 Rae8 21. Re5 Qc7 {1-0 (31) Guschin,V (2118)-Bajlov,V Taganrog 2014}) 16. Rae1 Qc7 17. Nb5 Qd8 18. Qe3 a6 $1 19. Qxe7 Qxe7 20. Rxe7 {[%emt 0:00:00] Threatens to win with Nc7.} Nd5 21. Re5 Nb4 {[%emt 0:00:17] White must now prevent ...Nxd3.} 22. Nc7 Nxd3 23. cxd3 Rb8 24. d4 Bf5 25. Re7 {[%emt 0:00:00] [#]} (25. Nd5 $11 {remains equal.}) 25... Rbd8 (25... Rfd8 $1 $17 26. d5 Rbc8) 26. d5 f6 (26... Rd7 $15 27. Rxd7 Bxd7) 27. Ne6 $11 Rfe8 28. Rg7+ Kh8 29. Nxd8 Kxg7 30. Nxb7 {[%emt 0:00:01][%mdl 4096] Endgame KRB-KRN} Re2 31. Nd6 Bd3 32. Rd1 Rxb2 33. h3 Rb1 (33... Be2 $5 34. Rd4 Bf1 $17) 34. Rxb1 Bxb1 {[%emt 0:00:00] KB-KN} 35. Ne8+ $2 (35. Nb7 $11 {and White has nothing to worry.}) 35... Kf7 $19 36. Nc7 {[%emt 0:00:02] [#]} (36. Nd6+ $142 Ke7 37. Nb7) 36... a5 $1 (36... Bxa2 $2 {too greedy.} 37. Nxa6 Bxd5 38. Kh2 $19) 37. a3 Ke7 {[%emt 0:00:06] Inhibits d6+.} 38. Nb5 Bd3 39. Nd4 (39. Nc3 {is the only way for White.}) 39... Kd6 40. a4 (40. Kg1 $142 Kxd5 41. Nb3) 40... Kxd5 41. Nb3 Bc2 $2 (41... Bc4 42. Nd2 Kc5) 42. Nxa5 Bxa4 43. Nb7 $2 (43. Kh2 $19) 43... Bc6 $2 (43... Bb3 {mates} 44. Nd8 Ba2 45. Nf7 Ke6 46. Nh6 f5 47. h4 Kf6 48. g4 f4 49. g5+ Ke5 50. Kg2 Ke4 51. Ng4 Be6 52. Nf2+ Ke3 53. Kf1 Kf3 54. Kg1 Bf5 55. Nd1 Kg4 56. Nc3 Kxh4 57. Kf2 Kxg5 58. Ke2 h5 59. Nb5 h4 60. Kf3 Bg4+ 61. Kf2 Be6 62. Kg2 Kf6 63. Nc3 g5 64. Kh1 g4 65. Kg1 g3 66. Ne4+ Ke5 67. Ng5 h3 68. Nf3+ Ke4 69. Nd2+ Kd3 70. Nf3 Ke3 71. Ne5 h2+ 72. Kg2 Bd5+ 73. Kh3 h1=Q+ 74. Kg4 Qh6 75. Nc4+ Bxc4 76. Kf5 g2 77. Kg4 Be6#) 44. Na5 Ba4 $2 (44... Bb5 45. Nb3 Kc4 46. Nd2+ Kd3) 45. Nb7 $1 Kc6 $2 (45... Bb3 {( -> ...Ba2)} 46. Nd8 Ba2) 46. Nd8+ Kd6 {[%emt 0:00:04] Strongly threatening ...Bc6.} 47. Nf7+ $2 (47. Nb7+ Kd5 48. Na5) 47... Ke7 48. Nh6 Bd7 49. g4 (49. Kh2 $19) 49... Kf8 {[%emt 0:00:19] Black mates.} 50. h4 g5 51. hxg5 fxg5 52. Kg2 Kg7 {[%emt 0:00:00] Weighted Error Value: White=0.77/Black=0.62} 0-1

[Event "Romanian Rapid Open 2022"]
[Site "Sebes"]
[Date "2022.12.02"]
[Round "5.16"]
[White "Ciorgovean, Iustin"]
[Black "Balaban-Voia, Alexandru"]
[Result "1-0"]
[ECO "E92"]
[WhiteElo "2319"]
[BlackElo "1994"]
[Annotator "TA"]
[PlyCount "79"]
[EventDate "2022.12.02"]
[EventType "rapid"]
[EventCountry "ROU"]
[SourceTitle "playchess.com"]
[Source "ChessBase"]
[SourceQuality "1"]
[TimeControl "600+5"]

1. e4 g6 2. d4 Bg7 3. c4 d6 4. Nc3 Nf6 5. Nf3 O-O 6. Be2 e5 7. Be3 Ng4 8. Bg5 f6 9. Bh4 g5 10. Bg3 Nh6 11. h3 Nc6 12. dxe5 {[%emt 0:00:06] was the old line (12.d5). E92: King's Indian: Classical: 6 Be2 e5: 7 dxe5, 7 Be3 and Petrosian System without 7...Nbd7.} (12. d5 $5 Ne7 13. Qd2 $11) 12... fxe5 13. c5 Nd4 {[%emt 0:01:01] [#]} ({Black should play} 13... Be6) 14. cxd6 $1 $16 {[%emt 0:01:04] [#] White is clearly better.} Nxf3+ $146 ({Predecessor:} 14... cxd6 15. Nxd4 exd4 16. Nb5 Be5 17. Nxd4 Qa5+ 18. Kf1 Qc5 19. Bxe5 dxe5 20. Nf3 g4 {1-0 (36) Vakhlamov,I (2405)-Zhileykin,A (2259) Moscow 2017}) 15. Bxf3 cxd6 16. Qd5+ Kh8 17. O-O-O g4 18. hxg4 (18. Qxd6 $2 {too greedy.} Qxd6 19. Rxd6 gxf3 $19) 18... Bxg4 19. Qxd6 (19. Qxb7 Bxf3 20. gxf3 Rxf3) 19... Qxd6 20. Rxd6 Nf7 {[%emt 0:00:00] [#] And now ...Bxf3 would win.} 21. Rd3 Bxf3 22. Rxf3 ({Don't play} 22. gxf3 $6 Ng5 $16) 22... Ng5 23. Rxf8+ Rxf8 24. f3 Ne6 25. Rh5 Nf4 26. Bxf4 Rxf4 $18 {[%emt 0:00:09][%mdl 4096] Endgame KRB-KRN} 27. Nd5 {[%emt 0:00:49] Prevents Rf6.} Rf8 28. Rf5 Rxf5 $2 (28... Kg8 29. Ne7+ Kh8) 29. exf5 {[%emt 0:00:01] KB-KN} Kg8 30. b3 Kf7 (30... h5 {was called for.} 31. Kc2 Kf7) 31. Kc2 {[%emt 0:00:02] aiming for g4.} Bf8 (31... h5 $142 32. Kd3 Bf8) 32. g4 {[%emt 0:00:14] White is clearly winning.} Bh6 33. Kd3 Bf8 34. Ke4 Bd6 35. a4 Bb8 36. b4 Bd6 37. b5 Bb8 38. Ne3 h6 39. Nc4 Kf6 40. Na5 {[%emt 0:00:02] Black got outplayed after the opening.   Weighted Error Value: White=0.21 (precise) /Black=0.52} 1-0

[Event "Romanian Rapid Open 2022"]
[Site "Sebes"]
[Date "2022.12.02"]
[Round "5.17"]
[White "Cnejev, Vladimir-Alexandru"]
[Black "Craciun, Sasha-Matei"]
[Result "0-1"]
[ECO "B22"]
[WhiteElo "2293"]
[BlackElo "2001"]
[Annotator "TA"]
[PlyCount "62"]
[EventDate "2022.12.02"]
[EventType "rapid"]
[EventCountry "ROU"]
[SourceTitle "playchess.com"]
[Source "ChessBase"]
[SourceQuality "1"]
[TimeControl "600+5"]

1. e4 c5 2. Nf3 e6 3. c3 d5 4. exd5 Qxd5 5. d4 Nf6 6. Be3 Be7 7. Be2 O-O 8. O-O cxd4 9. cxd4 Nc6 10. Nc3 Qd6 11. a3 b6 12. Re1 {[%emt 0:02:45][%cal Of3e5] B22: Sicilian: 2 c3.} Bb7 13. Qc2 Rfd8 14. Rad1 {[%emt 0:00:01] The position is equal.} Rac8 {[%emt 0:01:03] [#]} 15. Bd3 $146 ({Predecessor:} 15. Qd2 Nd5 16. Nb5 Qb8 17. Bd3 Bf6 18. Bb1 Nce7 19. Bg5 a6 20. Bxf6 Nxf6 21. Nc3 Bxf3 22. gxf3 {0-1 (35) Maliszewski,K (1757)-Adamski,J (2269) Warsaw 2009}) 15... g6 {[%emt 0:00:36] Against d5} 16. h3 Nd5 17. Ne4 Qd7 {[%emt 0:00:38] ...Nxe3 is the strong threat.} 18. Qe2 Nxe3 19. fxe3 Kg7 (19... Na5 {with more complications.} 20. Rf1 f5 21. Bb5 Qc7) 20. Rf1 f5 21. Nc3 Bf6 22. Bc4 Ne7 (22... Na5 {simplifies} 23. Ba2 Bd5 24. e4 Bxa2 25. Nxa2 Nc4) 23. e4 $2 {[%emt 0:00:03] [#]} (23. Ne5 $11 Bxe5 24. dxe5) 23... fxe4 $1 $19 (23... Bxe4 24. Ne5 Bxe5 25. dxe5 $17) 24. Ne5 Bxe5 25. dxe5 {[%emt 0:00:01] [#]} Qc6 {[%emt 0:00:00] The board is on fire.} ({Not} 25... Bd5 26. Bxd5 (26. Ba6 Rb8 $14) 26... Nxd5 27. Nxe4 $14 (27. Qxe4 Qc6 $11)) 26. Rxd8 Rxd8 27. Kh1 $2 (27. Rf4 e3 28. Qg4) 27... Nf5 {[%emt 0:00:00] And now ...Ng3+ would win.} 28. Kh2 {[%emt 0:00:08] Against Ng3} Qc5 29. Qf2 Qxc4 30. g4 e3 31. Qe1 Rd2+ {[%emt 0:00:00] Weighted Error Value: White=1.20/Black=0.36} 0-1

[Event "Romanian Rapid Open 2022"]
[Site "Sebes"]
[Date "2022.12.02"]
[Round "5.18"]
[White "Lupulescu, Adrian-Calin"]
[Black "Daianu, Cristian-Clement"]
[Result "1/2-1/2"]
[ECO "A05"]
[WhiteElo "1930"]
[BlackElo "2189"]
[Annotator "TA"]
[PlyCount "67"]
[EventDate "2022.12.02"]
[EventType "rapid"]
[EventCountry "ROU"]
[SourceTitle "playchess.com"]
[Source "ChessBase"]
[SourceQuality "1"]
[TimeControl "600+5"]

1. d4 Nf6 2. Nf3 g6 3. g3 Bg7 4. Bg2 O-O 5. O-O c5 6. b3 d5 7. Bb2 {[%emt 0:00:05] The main line 7.Bb2 scores better than 7.e3.} Nc6 {[%emt 0:00:00] A05: Réti Opening: 1 Nf3 Nf6.} 8. a3 (8. e3 $11) 8... Ne4 9. e3 Bg4 {[%emt 0:00:00] [#] Black is better.} 10. h3 $146 (10. Qd3 $15 {feels stronger.}) ({Predecessor:} 10. c3 Ng5 11. Nbd2 e5 12. Qe1 Nh3+ 13. Kh1 exd4 14. cxd4 Re8 15. Qc1 cxd4 16. Nxd4 Nxd4 17. Bxd4 Bxd4 18. exd4 {0-1 (25) Westphal,G (1572)-Oelze,J (1854) Badenweiler 2009}) 10... Bf5 (10... Bxf3 $17 11. Bxf3 cxd4 12. exd4 f5) 11. Nbd2 $15 Nxd2 12. Qxd2 Be4 13. Rab1 cxd4 14. Nxd4 Bxg2 15. Kxg2 e5 16. Nxc6 bxc6 17. Rfd1 Qe7 18. Qe2 f5 19. c4 Rad8 20. cxd5 cxd5 21. Rbc1 Qb7 22. b4 f4 (22... Rfe8 $11) 23. exf4 $1 $14 exf4 {[%emt 0:00:00] [#] White must now prevent ...f3+.} 24. Qe6+ Kh8 25. Bxg7+ Qxg7 26. Rxd5 {[%emt 0:00:26] White is more active.} (26. gxf4 {with more complications.} Rxf4 27. Rxd5 Rxf2+ 28. Kxf2 Qb2+ 29. Kg3) 26... Rxd5 (26... Rde8 $1 $14 27. Qd6 fxg3 28. Qxg3 Re2) 27. Qxd5 $16 {[%emt 0:00:02] [#] Hoping for gxf4.} fxg3 $14 {[%emt 0:00:00][%mdl 4096] Endgame KQR-KQR} 28. Rf1 (28. Kxg3 $16 Qf6 29. Rc2) 28... Qb2 29. Qc5 Rf7 ({Resist} 29... Qf6 30. f4 $14) 30. Qe3 Qc2 (30... gxf2 $11 {remains equal.} 31. Rxf2 Rxf2+ 32. Qxf2 Qg7) 31. Qe8+ (31. Kxg3 $16 {Threatening Rc1.} Qc7+ 32. Kg2) 31... Kg7 $11 32. Qe5+ Kg8 (32... Rf6 $1 $11) 33. Qxg3 $14 Qe4+ 34. f3 {[%emt 0:00:05] Weighted Error Value: White=0.23 (precise) /Black=0.26 (precise)} ({White should try} 34. Kg1 $16) 1/2-1/2

[Event "Romanian Rapid Open 2022"]
[Site "Sebes"]
[Date "2022.12.02"]
[Round "5.19"]
[White "Stan, Luciana-Gabriela"]
[Black "Dragomirescu, Angela"]
[Result "0-1"]
[ECO "A21"]
[WhiteElo "1823"]
[BlackElo "2104"]
[Annotator "TA"]
[PlyCount "56"]
[EventDate "2022.12.02"]
[EventType "rapid"]
[EventCountry "ROU"]
[SourceTitle "playchess.com"]
[Source "ChessBase"]
[SourceQuality "1"]
[TimeControl "600+5"]

1. Nf3 d6 2. c4 e5 3. d4 e4 4. Ng5 f5 5. Nc3 Be7 6. Nh3 Nf6 7. g3 c6 8. Qb3 {[%emt 0:00:05] 8.d5 is a critical line. A21: English Opening: 1...e5 2 Nc3.} Na6 9. Bg2 Nc7 (9... O-O $142) 10. O-O {[%emt 0:00:05] The position is equal.} O-O 11. d5 cxd5 12. cxd5 {[%emt 0:00:05] [#]} Kh8 $146 ({Predecessor:} 12... Qe8 13. Be3 Ng4 14. Bxa7 Rxa7 15. Qb6 Ra6 16. Qxc7 g5 17. Qc4 Qh5 18. Rac1 f4 19. Qxe4 {0-1 (26) Debnar,L (2290)-Janko,M (2271) Slovakia 2011}) 13. Be3 Ng4 14. Bd4 Bf6 {[%emt 0:00:05] Against f3} 15. Rad1 Bxd4 16. Rxd4 Qf6 17. Rfd1 Na6 18. Qc2 $1 Bd7 $36 {[%emt 0:00:05][%mdl 2048] Black is more active.} 19. f3 $2 {[%emt 0:00:05] [#] This move loses the game for White.} (19. Qd2 $11) 19... Ne3 $19 20. Qd2 Nxd1 21. Qxd1 exf3 22. Bxf3 Rae8 23. Bg2 Nc5 24. b4 $2 {[%emt 0:00:05] [#]} (24. Qd2) 24... Ne4 25. Nxe4 fxe4 26. Nf4 g5 27. Nh5 (27. Ne6 Bxe6 28. dxe6) 27... Qf2+ 28. Kh1 Bg4 {[%emt 0:00:05][%csl LRe2,LRh5] Weighted Error Value: White=0.63/Black=0.26 (precise)} 0-1

[Event "Romanian Rapid Open 2022"]
[Site "Sebes"]
[Date "2022.12.02"]
[Round "5.20"]
[White "Teodorescu, Razvan"]
[Black "Matasaru, Stephanie"]
[Result "0-1"]
[ECO "E57"]
[WhiteElo "2118"]
[BlackElo "1975"]
[Annotator "TA"]
[PlyCount "88"]
[EventDate "2022.12.02"]
[EventType "rapid"]
[EventCountry "ROU"]
[SourceTitle "playchess.com"]
[Source "ChessBase"]
[SourceQuality "1"]
[TimeControl "600+5"]

1. d4 d5 2. c4 dxc4 3. Nf3 Nf6 4. e3 e6 5. Bxc4 c5 6. O-O cxd4 7. exd4 Be7 8. Nc3 O-O 9. Re1 Nc6 10. a3 b6 11. Bf4 Bb7 12. Qd3 (12. Ba2 $14) 12... Rc8 {[%emt 0:00:38] E57: Nimzo-Indian: Rubinstein: Main Line: 7...Nc6 8 a3 dxc4 9 Bxc4 cxd4.} (12... Na5 $11) 13. Rad1 {[%emt 0:07:46] Black should prevent Ng5.} (13. Ba2 $5) 13... Na5 14. Ba2 {[%emt 0:00:00] [#] With the idea b4.} a6 $146 (14... Nd5 $11 {and Black stays safe.} 15. Bd2 Nxc3 16. Bxc3 Bd5 17. Bxd5 Qxd5) ({Predecessor:} 14... Nd5 15. Bd2 Nxc3 16. Bxc3 Bf6 17. Ne5 Bd5 18. Bb1 g6 19. Qh3 Bg7 20. Rd3 Nc4 21. Qg4 {1-0 (56) Zarubitski,V (2446)-Ansat,A (2333) Cheliabinsk 2021}) 15. b4 $18 Nc6 16. Bb1 ({White must play} 16. d5 $18) 16... g6 $14 17. h3 Nxb4 18. axb4 $16 Bxb4 {[%emt 0:00:05] [#]} 19. Bd2 Bxc3 (19... b5 $142 20. Ne5 Qd6) 20. Bxc3 $18 Be4 21. Qd2 (21. Rxe4 $18 {and the rest is easy.} Nxe4 22. Bb4 (22. Qxa6 $2 {too greedy.} Nxc3 23. Re1 b5 $19)) 21... Bxf3 $16 22. gxf3 Nd5 23. Bb2 Qh4 24. Re4 {Inhibits Nf4.} ({White should play} 24. Bd3 $1 $14) 24... Qxh3 $11 25. Ba2 Qxf3 (25... Rfd8 {is more complex.} 26. Qe2 a5 27. Rg4 Rb8) 26. Bxd5 exd5 27. Re3 (27. Re5 {keeps more tension.} Rfe8 28. Rc1 b5 29. Rc5) 27... Qg4+ 28. Rg3 Qf5 {[%emt 0:00:15] Strongly threatening ...Rc2.} 29. Ba3 (29. Qd3 {simplifies} Qxd3 30. Rgxd3 b5 31. Ra1) 29... Rc2 (29... Rfe8 $15) 30. Qe3 $36 {[%emt 0:00:00][%mdl 2048] Black is under pressure.} Rfc8 31. Rd3 {[%emt 0:00:14] Inhibits R2c3.} Ra2 32. Bd6 {[%emt 0:00:04][%mdl 1024] White has compensation.} (32. Qe1 $5 ) 32... Ra1+ 33. Kg2 Qh5 34. Rh3 {[%emt 0:00:20] Prevents Qh1+.} Qg4+ 35. Bg3 h5 (35... Rcc1 $11 {keeps the balance.} 36. Qe8+ Kg7 37. Qe5+ Kg8 38. Qe8+ (38. Qxd5 $2 {is the wrong capture.} Rg1+ 39. Kh2 Rh1+ 40. Qxh1 Rxh1+ 41. Kxh1 Qe4+ 42. Kh2 Qxd3 $19) 38... Kg7 39. Qe5+ Kg8 40. Qe8+ (40. Qxd5 $2 Rg1+ 41. Kh2 Rh1+ 42. Qxh1 Rxh1+ 43. Kxh1 Qe4+ 44. Kh2 Qxd3 $19)) 36. Rh4 $16 Qd7 {[%emt 0:00:04] [#]} (36... Qf5 $14) 37. Be5 $2 (37. Rxh5 $3 $18 {[%cal Oe3h6][%mdl 512] Qh6! is the strong threat.} Rcc1 38. Qg5) 37... Rcc1 (37... f6 $1 $11 {remains equal.}) 38. Qh6 $4 (38. Bh2 $16) 38... Rg1+ {[%emt 0:00:28] Black mates.} 39. Kf3 Qf5+ 40. Ke3 Rge1+ 41. Kd2 Qxf2+ 42. Kc3 Rec1+ 43. Kb4 Qb2+ 44. Rb3 Rc4# {[%emt 0:00:05] Weighted Error Value: White=0.43/Black=0.32} 0-1

[Event "Romanian Rapid Open 2022"]
[Site "Sebes"]
[Date "2022.12.02"]
[Round "5.21"]
[White "Negrean, Andrei"]
[Black "Sfarlog, Tudor-Vlad"]
[Result "0-1"]
[ECO "B08"]
[WhiteElo "1991"]
[BlackElo "2283"]
[Annotator "TA"]
[PlyCount "140"]
[EventDate "2022.12.02"]
[EventType "rapid"]
[EventCountry "ROU"]
[SourceTitle "playchess.com"]
[Source "ChessBase"]
[SourceQuality "1"]
[TimeControl "600+5"]

1. d4 g6 2. e4 Bg7 3. Nc3 d6 4. Nf3 Nf6 5. h3 O-O 6. Be3 Nc6 7. d5 Nb8 {[%emt 0:00:03] B08: Pirc Defence: Classical System.} 8. Be2 c6 9. dxc6 {[%emt 0:00:23] [#]} bxc6 $146 {[%emt 0:01:42] The position is equal.} ({Predecessor:} 9... Nxc6 10. Qd2 Bd7 11. Bh6 Qa5 12. O-O Rfc8 13. Bxg7 Kxg7 14. Rad1 a6 15. Rfe1 Be8 {½-½ (72) De Coverly,R (1998)-Pleasants,A (2066) Frome 2017}) 10. O-O Qa5 11. Qd2 Ba6 12. Rfe1 Bxe2 13. Rxe2 (13. Qxe2 {simplifies} Nbd7 14. Bd2 Qc7 15. Rad1) 13... Rd8 14. Bh6 Bxh6 15. Qxh6 Nbd7 {[%emt 0:00:09] Prevents e5.} 16. Rae1 e5 17. Qd2 Nc5 {[%emt 0:00:12] [#]} 18. Nd5 $1 Qxd2 19. Nxf6+ Kg7 20. Nh5+ gxh5 21. Rxd2 Rab8 22. c4 (22. b3 $1 $14) 22... Kf6 23. h4 ({White should play} 23. b3 $11) 23... a5 24. Nh2 a4 25. f3 Rb4 26. Rc1 Ne6 27. Nf1 Nd4 28. Ne3 Rdb8 29. c5 $2 (29. Rb1 $15) 29... Rxb2 $19 30. Rxb2 Rxb2 {[%emt 0:00:01][%mdl 4096] Endgame KRN-KRN} 31. Rc4 Rxa2 32. cxd6 Ke6 {[%emt 0:00:00] Against Nf5} 33. Nf5 (33. f4 $142 Kxd6 34. Kf1) 33... Nxf5 34. exf5+ Kxd6 {[%emt 0:00:01] KR-KR} 35. Rb4 Kc5 36. Rb7 a3 37. Rxf7 Kb6 {[%emt 0:00:24] Prevents Ra7.} 38. Rf8 Kb7 {[%emt 0:01:12] Prevents Ra8.} ({Black should try} 38... Rd2 $19 39. Ra8 a2) 39. Rf7+ $2 {[%emt 0:00:03] [#]} (39. f6 $1 $11 {and White stays safe.} Rxg2+ 40. Kxg2) 39... Kb6 (39... Ka6 $142 $1 40. Rf8 Ra1+ 41. Kh2 a2 42. Ra8+ Kb7) 40. Rf8 $1 Rd2 41. Ra8 a2 42. Kh2 {[%emt 0:00:11] [#]} c5 $1 {[%emt 0:00:09] aiming for ...c4.} 43. f6 Rd6 {[%emt 0:00:02] ...c4 is the strong threat.} 44. Rxa2 Rxf6 45. Re2 $2 (45. Kg3) 45... Rf5 $2 (45... c4 $19 {is more deadly.} 46. Kg3 Rc6 47. Rxe5 c3) 46. Rb2+ (46. Kg1 $17) 46... Kc6 47. Rc2 Rf4 48. Re2 $2 (48. Kg1) 48... Kd5 {[%emt 0:00:03] Hoping for ...c4.} (48... Rxh4+ $2 {too greedy.} 49. Kg1 $19) 49. Rd2+ Rd4 50. Ra2 c4 {[%emt 0:00:10][%cal Oc4c3] Strongly threatening ...c3!} 51. Ra7 c3 {[%emt 0:00:07] ( -> ...c2)} 52. Rc7 {[%emt 0:00:07] Prevents c2.} Rc4 {[%emt 0:00:03] Black mates.} 53. Rd7+ Kc5 54. Rc7+ Kd4 55. Rd7+ Ke3 56. Ra7 c2 57. Ra3+ Kd4 58. Ra1 c1=Q 59. Rxc1 Rxc1 {[%emt 0:00:01] KR-K3P} 60. Kg3 Rh1 61. f4 exf4+ 62. Kxf4 Rxh4+ {[%emt 0:00:01] KR-KP} 63. Kg5 Rg4+ 64. Kxh5 Rxg2 {[%emt 0:00:01] KR-K} 65. Kh6 Ke5 66. Kh5 Kf4 67. Kh6 Kf5 68. Kxh7 Kf6 69. Kh8 Kf7 70. Kh7 Rh2# {[%emt 0:00:01] Weighted Error Value: White=0.68/Black=0.28 (precise)} 0-1